Map: Vigília Leste LE

Players

IagoAbreu - Winner!

  • Race: Zerg Zerg
  • League: Gold
  • Spawn Location: 1:00

DeathSHaDow

  • Race: Terran Terran
  • League: Gold
  • Spawn Location: 7:00

VOD

Have the link to the VOD?

Description

Time

  • Played on: May 12, 2018, 12:16 p.m.
  • Length: 2:52
Show
View Real Time Build Order
Export as new Build Order

IagoAbreu Zerg - Winner!

Build Orders: Hatch First 

Get SALT Encoding   

  12  0:01  Drone  
  13  0:13  Overlord  
  13  0:18  Drone  
  14  0:24  Extractor  
  14  0:25  Drone  
  14  0:32  Drone  
  15  0:57  Hatchery  
  14  1:12  Spawning Pool  
  13  1:19  Drone x2  
  15  1:36  Drone, Evolution Chamber  
  15  1:37  Drone  
  16  2:08  Roach Warren  
  16  2:09  Queen  
  16  2:11  Zergling x2  
  18  2:25  Zergling x2  
  18  2:29  Drone  
Show
View Real Time Build Order
Export as new Build Order

DeathSHaDow Terran 

Build Orders:  

Get SALT Encoding   

  12  0:02  SCV  
  13  0:22  Supply Depot  
  13  0:24  SCV  
  14  0:32  Supply Depot  
  14  0:37  SCV  
  15  0:50  Supply Depot  
  15  1:02  Barracks  
  15  1:16  Supply Depot  
  15  1:45  SCV  
  16  1:49  Marine  
  17  1:56  Barracks  
  17  1:57  SCV  
  18  2:04  Refinery  
  18  2:07  Marine  
  19  2:09  SCV, Refinery  
  20  2:16  Bunker  
Tags
 
Add a new tag
Caveats
  • Supply blocks, unpowered buildings, or Contaminate may cause inaccurate times.
  • Supply counts are checked every 10 seconds.